 Dungeon Crawl Stone Soup version 0.21.0-3-g78d12a8 (console) character file.

80 Lasty the Firebug (level 4, -3/27 HPs)
             Began as a Halfling Fire Elementalist on Jan 10, 2018.
             Killed by nerve-wracking pain
             ... invoked by an orc priest
              (13 damage)
             ... on level 3 of the Dungeon.
             The game lasted 00:05:44 (2626 turns).

Lasty the Firebug (Halfling Fire Elementalist)      Turns: 2626, Time: 00:05:44

Health: -3/27      AC:  3    Str:  7 (9)  XL:     4   Next: 65%
Magic:  6/6        EV: 14    Int: 13 (14) God:
Gold:   99         SH:  0    Dex: 11 (14) Spells: 0/6 levels left

rFire    . . .     SeeInvis .   a - +2 dagger (pain)
rCold    . . .     Gourm    .   (shield restricted)
rNeg     . . .     Faith    .   e - +0 robe
rPois    .         Spirit   .   (no helmet)
rElec    .         Reflect  .   (no cloak)
rCorr    .         Harm     .   k - +0 pair of gloves
MR       .....                  (no boots)
Stlth    ++........             (no amulet)
HPRegen  0.09/turn              (no ring)
MPRegen  0.10/turn              (no ring)

@: no status effects
A: small, mutation resistance 1
a: no special abilities


You were on level 3 of the Dungeon.
You were not hungry.

You visited 1 branch of the dungeon, and saw 3 of its levels.

You collected 99 gold pieces.


Innate Abilities, Weirdness & Mutations

You are small and have problems with some larger weapons.
You are somewhat resistant to further mutation.


   Skills:
 - Level 2.1 Dodging
 - Level 2.1 Stealth
 - Level 1.5 Spellcasting
 + Level 2.3 Conjurations
 + Level 4.1 Fire Magic


You couldn't memorise any spells.
You knew the following spells:

 Your Spells              Type           Power        Failure   Level  Hunger
a - Flame Tongue          Conj/Fire      #....        7%          1    ##.....
d - Conjure Flame         Conj/Fire      #.......     21%         3    ####...
s - Throw Flame           Conj/Fire      #.....       11%         2    ###....

Inventory:

Hand Weapons
 a - a +2 dagger of pain (weapon)
   (You took it off a kobold on level 1 of the Dungeon)
 g - a +0 dagger
Missiles
 d - 11 poisoned needles
 f - 82 stones (quivered)
 t - 13 sling bullets
Armour
 e - a +0 robe (worn)
 j - a +1 shield of protection
   (You found it on level 1 of the Dungeon)
 k - a +0 pair of gloves (worn)
Wands
 o - a wand of acid (11)
Scrolls
 i - a scroll of teleportation {unknown}
 m - a scroll of identify {unknown}
 n - a scroll of blinking {unknown}
 p - a scroll of remove curse {unknown}
 s - a scroll of magic mapping {unknown}
 w - a scroll of enchant weapon {unknown}
Potions
 h - a potion of curing {unknown}
Books
 b - a book of Flames

   Spells                             Type                      Level
   a - Flame Tongue                   Conjuration/Fire             1
   b - Throw Flame                    Conjuration/Fire             2
   c - Conjure Flame                  Conjuration/Fire             3
   d - Inner Flame                    Hexes/Fire                   3
   e - Sticky Flame                   Conjuration/Fire             4
   f - Fireball                       Conjuration/Fire             5
 u - a book of Changes

   Spells                             Type                      Level
   a - Beastly Appendage              Transmutation                1
   b - Sticks to Snakes               Transmutation                2
   c - Spider Form                    Transmutation/Poison         3
   d - Ice Form                       Ice/Transmutation            4
   e - Blade Hands                    Transmutation                5
Comestibles
 c - 6 rations
 v - 3 chunks of flesh


Message History

The giant cockroach barely misses you.
Aiming: Flame Tongue
Aim: a giant cockroach (moderately wounded, clinging)
The flame tongue hits the giant cockroach.
The giant cockroach is severely wounded.
The giant cockroach closely misses you.
Aiming: Flame Tongue
Aim: a giant cockroach (severely wounded, clinging)
The flame tongue hits the giant cockroach.
You kill the giant cockroach!
You butcher the hobgoblin corpse.
v - 4 chunks of flesh
Things that are here:
a club; a hobgoblin skeleton Eating one of 4 chunks of flesh.
You eat one of the 4 chunks of flesh.
You start resting.
Your magical contamination has completely faded away.
Magic restored.
w - a scroll labeled MABYHO BOBRISEO
Things that are here:
a club; a hobgoblin skeleton An orc and an orc priest come into view.
The orc priest shouts!
The orc moves out of view.
An orc comes into view. It is wielding a club.
The orc priest looks encouraged for a moment.
The orc priest invokes the aid of Beogh against you.
Beogh smites you!
You hear a shout! x2
You take 12 damage.
An orc priest comes into view.
The orc priest hits you from afar with a trident.
You take 2 damage.
The orc priest closely misses you.
Enter note: ack
Okay, then.
Really quaff
r - a potion of haste {!q}?
You feel yourself speed up. The orc priest hits you with a trident.
* * * LOW HITPOINT WARNING * * *
You take 4 damage.
It was a potion of degeneration.
There was something very wrong with that liquid.
You feel weakened.
You feel dopey.
You feel clumsy.
It was a potion of cancellation.
Your magical effects are unravelling.
You feel magically purged.
You feel yourself slow down.
The orc priest invokes the aid of Beogh against you.
Pain shoots through your body!
You die...

## #. ##.### #
#.....##########..##
#.#.................
#.#.#.##.###.#.#..#
#.....##.# #.#.# #
#....@o.###.#.#..#
##...#####.......#
#..o# #.#.#.#..#
#...####.#o#.# #
#####..........o.#.
....................#
..........o...........
#####..)###o.......###
........# #..#.#.#o#


You could see an orc priest and an orc.

Vanquished Creatures
  An adder (D:2)
  3 worms (D:2)
  2 dart slugs
  2 leopard geckos
  2 ball pythons
  6 bats
  5 giant cockroaches
  5 hobgoblins
  4 jackals (D:2)
  2 quokkas
  7 frilled lizards
  4 goblins
  6 kobolds
  7 rats
56 creatures vanquished.

Notes
Turn   | Place    | Note
-------+----------+-------------------------------------------
     0 | D:1      | Lasty the Halfling Fire Elementalist began the quest for the Orb.
     0 | D:1      | Reached XP level 1. HP: 11/11 MP: 3/3
    60 | D:1      | Reached skill level 1 in Conjurations
   171 | D:1      | Reached XP level 2. HP: 17/17 MP: 0/4
   221 | D:1      | Learned a level 2 spell: Throw Flame
   785 | D:1      | Reached XP level 3. HP: 18/21 MP: 1/5
  1347 | D:2      | Reached skill level 2 in Conjurations
  1426 | D:2      | Reached XP level 4. HP: 24/27 MP: 2/6
  1455 | D:2      | Learned a level 3 spell: Conjure Flame
  1533 | D:2      | Reached skill level 4 in Fire Magic
  2072 | D:2      | Found an opulent altar of Gozag.
  2624 | D:3      | --ack
  2626 | D:3      | Killed from afar by an orc priest

Vault maps used:
D:1:      nicolae_arrival_memento_mori
D:2:      lemuel_coloured_pillars_altar

Action                   |  1- 3 |  4- 6 || total
-------------------------+-------+-------++-------
Melee: Dagger            |    31 |    39 ||    70
 Cast: Flame Tongue      |    56 |    33 ||    89
  Use: Potion            |       |     3 ||     3
  Eat: Chunk             |     3 |     5 ||     8
Armor: Robe              |    10 |    11 ||    21
Dodge: Dodged            |    55 |    55 ||   110

Skill      XL: |  1  2  3  4 |
---------------+-------------+-----
Conjurations   | 1 2 |  2.3
Fire Magic     | 4 |  4.1
Dodging        | |  2.1
Stealth        | |  2.1
Spellcasting   | |  1.5
